 Dungeon Crawl Stone Soup version 0.30-a0-371-gad7725a93e (webtiles) character file.

Game seed: 8236553629003993569

2244 arthad the Trooper (level 9, 0/70 (72) HPs)
             Began as a Vine Stalker Fighter on Nov 20, 2022.
             Was an Initiate of Gozag.
             Slain by a wight
             ... wielding a +0 halberd
              (9 damage)
             ... on level 8 of the Dungeon.
             The game lasted 00:12:35 (5573 turns).

arthad the Trooper (Vine Stalker Fighter)           Turns: 5573, Time: 00:12:36

HP:   0/70 (72)     AC:  8    Str: 28    XL:     9   Next: 37%
MP:   0/19          EV: 24    Int:  8    God:    Gozag
Gold: 385           SH:  6    Dex: 15    Spells: 8/8 levels left

rFire   + . .      SeeInvis .    a - +0 war axe
rCold   + . .      Faith    .    c - +0 buckler
rNeg    . . .      Spirit   +    b - +0 scale mail
rPois   .          Reflect  .    p - +0 helmet
rElec   .          Harm     .    y - scarf {rC+ rF+}
rCorr   .          Rampage  .    (no gloves)
Will    +....                    (no boots)
Stlth   ..........               r - amulet of the acrobat
HPRegen 1.11/turn                h - +6 ring of strength
MPRegen 0.16/turn                t - ring of magical power

@: mighty, berserking (expiring), gold aura, acrobatic, lightly drained, very
quick
A: fangs 3, regeneration 1, magic shield, antimagic bite, no potion heal 2
a: Renounce Religion, Potion Petition, Call Merchant, Bribe Branch


You were on level 8 of the Dungeon.
You worshipped Gozag.
Gozag was aware of your devotion.
You visited 1 branch of the dungeon, and saw 8 of its levels.

You collected 832 gold pieces.
You paid 447 gold pieces to Gozag.

Inventory:

Hand Weapons
 a - a +0 war axe (weapon)
 k - a +1 dagger of holy wrath
 D - a +3 scythe of holy wrath
 G - a +0 war axe
Missiles
 o - 3 throwing nets (quivered)
 v - 8 poisoned darts
 B - 5 boomerangs
 L - 2 curare-tipped darts
Armour
 b - a +0 scale mail (worn)
 c - a +0 buckler (worn)
 p - a +0 helmet (worn)
 y - a scarf of resistance (worn)
 K - a +1 hat
 M - a scarf of repulsion
Jewellery
 h - a +6 ring of strength (left hand)
 r - an amulet of the acrobat (around neck)
 s - a ring of ice
 t - a ring of magical power (right hand)
Wands
 d - a wand of flame (20)
 A - a wand of charming (5)
Scrolls
 e - 2 scrolls of fear {unknown}
 f - a scroll of amnesia {unknown}
 g - 2 scrolls of summoning {unknown}
 i - 7 scrolls of identify {unknown}
 l - a scroll of enchant weapon {unknown}
 m - 3 scrolls of teleportation {unknown}
 n - a scroll of noise {unknown}
 w - 2 scrolls of enchant armour {unknown}
 C - a scroll of torment {unknown}
 E - a scroll of blinking {unknown}
 J - a scroll of magic mapping {unknown}
Potions
 j - a potion of curing {unknown}
 q - 2 potions of ambrosia {unknown}
 u - a potion of haste {unknown}
 x - 2 potions of resistance {unknown}
 z - 2 potions of brilliance {unknown}
 H - a potion of lignification {unknown}
 I - a potion of heal wounds


   Skills:
 + Level 6.2 Fighting
 + Level 5.8 Axes
 + Level 5.6 Armour
 + Level 6.2 Shields


You had 8 spell levels left.
You didn't know any spells.
Your spell library contained the following spells:

 Spells                   Type           Power      Damage    Failure   Level
 Ignite Poison            Fire/Tmut/Pois 0%         N/A       98%         3
 Stone Arrow              Conj/Erth      0%         3d7       98%         3
 Animate Armour           Summ/Erth      0%         N/A       100%        4
 Borgnjor's Vile Clutch   Necr/Erth      0%         N/A       100%        5
 Iskenderun's Battlesphe  Conj           0%         2d6       100%        5
 Death Channel            Necr           0%         N/A       100%        6
 Iron Shot                Conj/Erth      0%         9d1       100%        6
 Spellforged Servitor     Conj/Summ      0%         N/A       100%        7
 Lehudib's Crystal Spear  Conj/Erth      0%         10d2      100%        8
 Maxwell's Capacitive Co  Air            0%         ∞         100%        8
 Chain Lightning          Conj/Air       0%         N/A       100%        9
 Animate Dead             Necr           Unusable   N/A       N/A         4

Dungeon Overview and Level Annotations

Branches:
Dungeon (8/15)             Temple (0/1) D:5
   Lair: D:8-11

Altars:
Cheibriados
Dithmenos
Gozag
Hepliaklqana
Kikubaaqudgha
Nemelex Xobeh
Qazlal
Ru
Sif Muna
Vehumet
Wu Jian

Annotations:
D:5 2 runed translucent doors, retardedninja's ghost, novice MiFi


Innate Abilities, Weirdness & Mutations

You have razor-sharp teeth.
Your natural rate of healing is unusually fast.
When hurt, damage is shared between your health and your magic reserves.
Your bite disrupts and absorbs the magic of your enemies.
Potions cannot restore your health.


Message History

You hit the wight.
The killer bee zombie is no longer distracted by gold.
You block the wight's attack. The orc hits you with a +0 falchion.
The wight hits you but does no damage.
The wight hits you from afar with a +0 halberd!
You feel drained.
You are too injured to fight recklessly!
You are too injured to fight recklessly!
Unknown command.
You are too injured to fight recklessly!
Unknown command.
You hit the wight.
The wight is heavily damaged.
You barely miss the wight. You hit the orc. You slash the killer bee zombie!
The killer bee zombie is distracted by your dazzling golden aura.
The wight hits you with a +5 flail! The wight hits you with a +0 falchion!
* * * LOW HITPOINT WARNING * * *
The orc hits you but does no damage. The wight misses you.
Unknown command.
You slash the wight!
You destroy the wight!
You slash the killer bee zombie!
The killer bee zombie is no longer distracted by gold.
You hit the wight.
You destroy the wight!
You completely miss the orc. The killer bee zombie hits you.
* * * LOW HITPOINT WARNING * * *
The killer bee zombie barely misses you.
The orc hits you with a +0 falchion.
* * * LOW HITPOINT WARNING * * *
The wight barely misses you.
Unknown command.
Unknown command.
You hit the killer bee zombie.
You destroy the killer bee zombie!
You hit the orc.
You kill the orc!
The wight hits you with a +0 halberd!
You die...
Your body crumbles into a pile of gold.

.... #. .... ..
.....#[
.....#.########
............#
#..........#
#..z.......## $
#...@$$..☼..#
#...$..☼§.☼$#
#...$....○☼.#
#.....<.☼.○.#
#...........#
#.##.#..[####
#. #.##### ..
..# . ...


You could see a wight.

Vanquished Creatures
  Sigmund (D:5)
  Menkaure (D:4)
  An orc warrior (D:8)
  A sky beast (D:6)
  3 ice beasts
  An ogre (D:6)
  A centaur (D:5)
  A phantom (D:6)
  A bullfrog (D:5)
  A necrophage (D:5)
  A scorpion (D:6)
  3 wights (D:8)
  A gnoll bouda (D:7)
  2 orc priests (D:7)
  2 jellies (D:5)
  4 hounds
  2 iguanas (D:6)
  An iron imp (D:6)
  Ijyb (D:4)
  Natasha (thrice) (D:4)
  8 orc wizards
  A killer bee zombie (D:8)
  Robin (D:4)
  7 gnolls
  6 adders
  A shadow imp (D:7)
  2 ufetubi (D:6)
  3 dart slugs
  21 orcs
  3 bat zombies (D:5)
  5 endoplasms
  2 giant cockroaches
  14 goblins
  4 hobgoblins
  4 quokkas
  5 ball pythons
  5 bats
  3 frilled lizards (D:1)
  8 kobolds
  4 rats
139 creatures vanquished.

Vanquished Creatures (collateral kills)
  A gnoll (D:7)
1 creature vanquished.

Vanquished Creatures (others)
  3 plants (D:4)
3 creatures vanquished.

Grand Total: 143 creatures vanquished

Notes
Turn   | Place    | Note
-------+----------+-------------------------------------------
     0 | D:1      | arthad the Vine Stalker Fighter began the quest for the
                  | Orb.
     0 | D:1      | Reached XP level 1. HP: 11/11 MP: 2/2
    68 | D:1      | Reached XP level 2. HP: 13/16 MP: 3/3
   567 | D:2      | Reached XP level 3. HP: 20/20 MP: 4/4
   743 | D:2      | HP: 1/20 [poisoned by an adder]
   831 | D:2      | Got Rutroore's Anthology of the Snake and Air
  1815 | D:3      | Gained mutation: Your natural rate of healing is unusually
                  | fast. [Vine Stalker growth]
  1815 | D:3      | Reached XP level 4. HP: 24/24 MP: 4/5
  2152 | D:4      | Noticed Robin
  2152 | D:4      | Noticed Menkaure
  2158 | D:4      | Reached XP level 5. HP: 28/28 MP: 6/6
  2162 | D:4      | Killed Menkaure
  2163 | D:4      | Reached XP level 6. HP: 25/33 MP: 7/7
  2164 | D:4      | Killed Robin
  2279 | D:4      | Noticed Natasha
  2291 | D:4      | Killed Natasha
  2435 | D:4      | Noticed Natasha
  2465 | D:4      | Killed Natasha
  2561 | D:4      | Found a shimmering blue altar of Sif Muna.
  2561 | D:4      | Found a sacrificial altar of Ru.
  2562 | D:4      | Found a stormy altar of Qazlal.
  2698 | D:4      | Found an opulent altar of Gozag.
  2717 | D:4      | Became a worshipper of Gozag Ym Sagoz the Greedy
  2841 | D:4      | Noticed Ijyb
  2860 | D:4      | Killed Ijyb
  2918 | D:4      | Noticed Natasha
  2924 | D:4      | Killed Natasha
  2931 | D:4      | Found a sparkling altar of Nemelex Xobeh.
  3171 | D:5      | Entered Level 5 of the Dungeon
  3178 | D:5      | Reached XP level 7. HP: 35/37 MP: 8/8
  3251 | D:5      | Found a staircase to the Ecumenical Temple.
  3685 | D:5      | Found an ancient bone altar of Kikubaaqudgha.
  3744 | D:5      | Noticed Sigmund
  3752 | D:5      | Killed Sigmund
  3753 | D:5      | Gained mutation: You have razor-sharp teeth. [Vine Stalker
                  | growth]
  3753 | D:5      | Reached XP level 8. HP: 42/42 MP: 9/9
  3907 | D:5      | Found a large runed translucent door.
  3908 | D:5      | Found a large runed translucent door.
  3911 | D:5      | Noticed retardedninja's ghost (novice MiFi)
  4070 | D:6      | Reached skill level 5 in Fighting
  4070 | D:6      | Reached skill level 5 in Shields
  4152 | D:6      | Found a hazy altar of Hepliaklqana.
  4211 | D:6      | Found a snail-covered altar of Cheibriados.
  4372 | D:6      | Found a hazy altar of Hepliaklqana.
  4535 | D:6      | Reached skill level 5 in Axes
  4535 | D:6      | Reached skill level 5 in Armour
  4915 | D:6      | Reached XP level 9. HP: 48/48 MP: 10/10
  4915 | D:6      | Found a shadowy altar of Dithmenos.
  5440 | D:7      | Found an ornate altar of the Wu Jian Council.
  5557 | D:8      | Found a radiant altar of Vehumet.
  5573 | D:8      | Slain by a wight

Illustrated notes

Levels and vault maps discovered:
D:1:      spicycebolla_arrival_risky_transporter, layout_rooms, minivault_14,
          minmay_misc_feat_plants, roderic_malta_cross
D:2:      layout_loops_ring
D:3:      layout_basic
D:4:      layout_layer_cave, mainiacjoe_overflow_surrounded_room,
          gammafunk_temple_overflow_forgotten, nemelex_diamond_rough_becter,
          uniq_natasha, uniq_robin, uniq_ijyb, uniq_menkaure
D:5:      layout_loops_ring, lemuel_zombie_altar_kikubaaqudgha,
          minmay_temple_entry_mini_moons, ebering_ghost_disaster_area,
          uniq_sigmund
D:6:      layout_gridville, chei_slow_surprise,
          nicolae_hepliaklqana_hazy_memory, hangedman_feature_mirror
D:7:      lemuel_ice_spiral_2, layout_rooms, kennysheep_mini
D:8:      layout_rooms, fiery_altar_vehumet, kennysheep_mini_moat,
          serial_undead, serial_undead_f, serial_undead_a, serial_undead_e,
          serial_undead_a, serial_undead_a, uniq_joseph, uniq_erica

Skill      XL: |  1  2  3  4  5  6  7  8  9 |
---------------+----------------------------+-----
Axes           | 2 3 4 5 |  5.8
Fighting       | 3 4 5 6 |  6.2
Shields        | 3 4 5 6 |  6.2
Armour         | 3 4 5 |  5.6

Action                   |  1- 3 |  4- 6 |  7- 9 || total
-------------------------+-------+-------+-------++-------
Melee: War axe           |   113 |   109 |   193 ||   415
       Bite              |    18 |    25 |    49 ||    92
Throw: Throwing net      |     1 |       |       ||     1
Invok: Potion Petition   |       |       |     1 ||     1
Evoke: Wand              |       |       |     5 ||     5
  Use: Potion            |       |     3 |     1 ||     4
 Stab: Distracted        |       |       |     1 ||     1
Armor: Scale mail        |    69 |    62 |    77 ||   208
Dodge: Dodged            |    66 |    53 |    83 ||   202
Block: Buckler           |    17 |    27 |    52 ||    96

Table legend: (Time is in decaauts)
 A = Elapsed time spent in this place.
 B = Non-inter-level travel time spent in this place.
 C = Inter-level travel time spent in this place.
 D = Time resting spent in this place.
 E = Time spent auto-exploring this place.
 F = Levels seen in this place.
 G = Mean time per level.
                   A        B        C        D        E       F      G
               +--------+--------+--------+--------+--------+-----+--------+
         Total |   5716 |   5423 |    293 |    197 |   4090 |   8 |  714.5 |
       Dungeon |   5716 |   5423 |    293 |    197 |   4090 |   8 |  714.5 |
               +--------+--------+--------+--------+--------+-----+--------+

Top non-repeatable levels by time:
     D:4: 1087 daAuts
     D:6: 1004 daAuts
     D:3: 895 daAuts
     D:5: 888 daAuts
     D:2: 702 daAuts
     D:1: 573 daAuts
     D:7: 548 daAuts
     D:8: 15 daAuts
